 Dungeon Crawl Stone Soup version 0.21-a0-522-ga8338f0 (webtiles) character file.

290 Gerstahl the Chiller (level 6, -4/49 HPs)
             Began as a Naga Ice Elementalist on Dec 6, 2017.
             Slain by an ogre
             ... wielding a +0 giant club
              (15 damage)
             ... on level 4 of the Dungeon.
             The game lasted 00:09:49 (4350 turns).

Gerstahl the Chiller (Naga Ice Elementalist)        Turns: 4350, Time: 00:09:49

Health: -4/49      AC:  3    Str: 10    XL:     6   Next: 32%
Magic:  10/11      EV: 10    Int: 17    God:
Gold:   165        SH:  0    Dex: 12    Spells: 5/12 levels left

rFire    . . .     SeeInvis +   w - +7 halberd of the Battered Demons {vamp, +Rage rC+ MR+}
rCold    + . .     Gourm    .   (shield currently unavailable)
rNeg     . . .     Faith    .   a - +0 robe
rPois    +         Spirit   .   (no helmet)
rElec    .         Reflect  .   (no cloak)
rCorr    .         Harm     .   (no gloves)
MR       +....                  (no barding)
Stlth    ++........             (no amulet)
HPRegen  0.16/turn              (no ring)
MPRegen  0.12/turn              (no ring)

@: very slow
A: large, see invisible, deformed body, poison resistance, slowness 2, slow
metabolism 1, spit poison 1, AC +2
a: Spit Poison, Evoke Berserk Rage


You were on level 4 of the Dungeon.
You were not hungry.

You visited 1 branch of the dungeon, and saw 4 of its levels.

You collected 165 gold pieces.

Inventory:

Hand Weapons
 w - the +7 halberd of the Battered Demons (weapon) {vamp, +Rage rC+ MR+}
   (You found it on level 3 of the Dungeon)

   It inflicts no extra harm, but heals its wielder when it wounds a living foe.
   It protects you from cold.
   It affects your resistance to hostile enchantments.
   It lets you go berserk.
Armour
 a - a +0 robe (worn)
 q - a +0 cloak
Jewellery
 f - an uncursed ring of fire
 m - an uncursed ring of fire
 r - an uncursed ring of magical power {unknown}
Wands
 o - a wand of polymorph (14)
Scrolls
 e - a scroll of magic mapping {unknown}
 i - a scroll of teleportation {unknown}
 k - 3 scrolls of identify {unknown}
 l - a scroll of remove curse {unknown}
 p - 3 scrolls of enchant armour {unknown}
 s - a scroll of enchant weapon {unknown}
 t - a scroll of fog {unknown}
 u - a scroll of noise {unknown}
Potions
 d - 4 potions of curing {unknown}
 g - 2 potions of ambrosia {unknown}
 j - a potion of flight {unknown}
 n - a potion of mutation {unknown}
Books
 b - a book of Frost

   Spells                             Type                      Level
   a - Freeze                         Ice                          1
   b - Throw Frost                    Conjuration/Ice              2
   c - Ozocubu's Armour               Charms/Ice                   3
   d - Throw Icicle                   Conjuration/Ice              4
   e - Summon Ice Beast               Ice/Summoning                4
Comestibles
 c - 4 bread rations
 h - 7 fruits


   Skills:
 + Level 0.1 Fighting
 + Level 0.0 Polearms
 - Level 1.5 Dodging
 - Level 3.0 Stealth
 + Level 3.9 Spellcasting
 + Level 3.1 Conjurations
 + Level 4.8 Ice Magic


You had 5 spell levels left.
You knew the following spells:

 Your Spells              Type           Power        Failure   Level  Hunger
a - Freeze                Ice            ###.         2%          1    None
b - Throw Frost           Conj/Ice       ###...       4%          2    ##.....
c - Throw Icicle          Conj/Ice       ###.....     30%         4    ####...


Dungeon Overview and Level Annotations

Branches:
Dungeon (4/15)
 Temple: D:4-7

Altars:
Hepliaklqana


Innate Abilities, Weirdness & Mutations

You cannot wear boots.
Your serpentine skin is tough. (AC +2)
You have supernaturally acute eyesight. (SInv)
Armour fits poorly on your strangely shaped body.
Your system is resistant to poisons. (rPois)
You cover ground very slowly.
You have a slow metabolism.
You can spit poison.


Message History

You slash the ogre!
The ogre is almost dead.
The ogre hits you with a giant club!!
You barely miss the ogre.
The ogre is almost dead.
The ogre hits you with a giant club!
* * * LOW HITPOINT WARNING * * *
An ogre is nearby!
You are too injured to fight recklessly!
You are too injured to fight recklessly!
An ogre is nearby!
Casting: Freeze
Confirm with . or Enter, or press ? or * to list all spells.
Aiming: Freeze
Press: ? - help, Shift-Dir - straight line, f/p - ogre
Aim: an ogre, wielding a giant club (almost dead)
You freeze the ogre.
The ogre is almost dead.
The ogre hits you with a giant club!
You die...

#. #.#. #.#?# #.#.#. ##
#.#.#.# .#.#.#.# +..
#O#.#.# #.... #@...# ...
#######....# ...
...........# #..
###########...# #.#
#.............# #.####
#)............#####.#..[.#
########.#..........#<##.#
.........###########.#
####.................#


You could see an ogre.

Vanquished Creatures
  A killer bee (D:3)
  2 orc priests (D:3)
  An orc wizard (D:3)
  4 gnolls (D:3)
  6 adders
  An adder skeleton (D:4)
  2 dart slugs
  3 leopard geckos
  6 orcs (D:3)
  2 giant cockroaches (D:1)
  7 goblins
  3 hobgoblins
  4 jackals (D:2)
  2 quokkas (D:3)
  6 bats
  2 frilled lizards
  7 kobolds
  4 rats
63 creatures vanquished.

Notes
Turn   | Place    | Note
-------+----------+-------------------------------------------
     0 | D:1      | Gerstahl the Naga Ice Elementalist began the quest for the Orb.
     0 | D:1      | Reached XP level 1. HP: 15/15 MP: 3/3
   619 | D:1      | Reached XP level 2. HP: 22/22 MP: 5/5
  1617 | D:2      | Reached XP level 3. HP: 28/28 MP: 6/6
  1830 | D:2      | Learned a level 2 spell: Throw Frost
  2221 | D:2      | Reached XP level 4. HP: 27/36 MP: 4/8
  2698 | D:3      | Reached skill level 4 in Ice Magic
  3098 | D:3      | Found a hazy altar of Hepliaklqana.
  3120 | D:3      | Reached XP level 5. HP: 42/42 MP: 0/9
  3722 | D:3      | Reached XP level 6. HP: 49/49 MP: 4/11
  3866 | D:3      | Learned a level 4 spell: Throw Icicle
  3868 | D:3      | Found a transporter.
  3877 | D:3      | Found a transporter.
  3957 | D:3      | Got a bloodstained halberd
  3968 | D:3      | Identified the +7 halberd of the Battered Demons {vamp, +Rage rC+ MR+} (You found it on level 3 of the Dungeon)
  4350 | D:4      | Slain by an ogre

Vault maps used:
D:1:      dpeg_arrival_tiny_k, serial_forest, infiniplex_forest_lined_2,
          infiniplex_forest_straight_2, infiniplex_forest_fountain,
          infiniplex_forest_clump_double, infiniplex_forest_clump_curved,
          infiniplex_forest_straight_3, infiniplex_forest_lined_corner,
          infiniplex_forest_lined_room_
D:2:      kennysheep_generic_room_8
D:3:      gammafunk_temple_overflow_arena, first_bread
D:4:      kennysheep_mini, minmay_misc_feat_doors

Skill      XL: |  1  2  3  4  5  6 |
---------------+-------------------+-----
Spellcasting   | 3 |  3.9
Ice Magic      | 4 |  4.8
Conjurations   | 2 3 |  3.1
Fighting       | |  0.1
Dodging        | |  1.5
Stealth        | |  3.0

Action                   |  1- 3 |  4- 6 || total
-------------------------+-------+-------++-------
Melee: Unarmed           |    46 |    36 ||    82
       Halberd           |       |    15 ||    15
 Cast: Freeze            |    31 |    29 ||    60
       Throw Frost       |     2 |    15 ||    17
 Abil: Spit Poison       |    10 |    12 ||    22
 Stab: Sleeping          |     2 |     3 ||     5
       Distracted        |       |     1 ||     1
  Eat: Chunk             |     4 |     6 ||    10
       Meat ration       |       |     1 ||     1
Armor: Robe              |    16 |    15 ||    31
Dodge: Dodged            |    55 |    40 ||    95

Table legend:
 A = Spawn XP
 B = Non-spawn XP
 C = Spawn XP percentage of total XP
 D = Spawn monster count
 E = Non-spawn monster count
 F = Spawn count percentage of total count
 G = Total turns spent on level
                    A         B        C        D         E        F      G
               +---------+---------+-------+---------+---------+-------+---------
         Total |       0 |     415 |   0.0 |       0 |      63 |   0.0 |  4350
               +---------+---------+-------+---------+---------+-------+---------
           D:1 |       0 |      32 |   0.0 |       0 |      17 |   0.0 |  1615
           D:2 |       0 |      66 |   0.0 |       0 |      16 |   0.0 |  1375
           D:3 |       0 |     312 |   0.0 |       0 |      29 |   0.0 |  1318
           D:4 |       0 |       5 |   0.0 |       0 |       1 |   0.0 |    42
               +---------+---------+-------+---------+---------+-------+---------
